 Dungeon Crawl Stone Soup version 0.31.0-11-ge490571c62 (webtiles) character file.

Game seed: 10107027161470187039

1215 puppykicker the Chopper (level 8, -1/67 HPs)
             Began as a Gnoll Cinder Acolyte on Jan 31, 2024.
             Was an Elder of Ignis.
             Slain by an ice beast (2 damage)
             ... on level 6 of the Dungeon.
             The game lasted 00:16:16 (5708 turns).

puppykicker the Chopper (Gnoll Cinder Acolyte)      Turns: 5708, Time: 00:16:16

Health: -1/67      AC:  3    Str: 14    XL:     8   Next: 46%
Magic:  2/14       EV: 13    Int: 16    God:    Ignis [****..]
Gold:   295        SH:  0    Dex: 14    Spells: 5/16 levels left

rFire   + . .        d - +3 dagger of Cheibriados, Shouting {flame, Fly}
rCold   . . .        (no shield)
rNeg    . . .        u - +1 toga "Victory" {*Victory Int+1 Slay+1 Clar}
rPois   .            (no helmet)
rElec   .            (no cloak)
rCorr   .            (no gloves)
SInv    .            (no boots)
Will    .....        (no amulet)
Stlth   ++           l - +6 ring of dexterity
HPRegen 0.31/turn    W - ring of wizardry {Wiz+}
MPRegen 0.14/turn

%: clarity, wizardry (x1)
@: lethally poisoned (-1 -> -13), flying
A: fangs 1, strong nose, distributed training
a: Renounce Religion, Fiery Armour, Foxfire Swarm, Rising Flame


You were on level 6 of the Dungeon.
You worshipped Ignis.
Ignis was greatly pleased with you.
You visited 1 branch of the dungeon, and saw 6 of its levels.

You collected 295 gold pieces.

Inventory:

Hand Weapons
 a - a +2 flail of holy wrath
 b - a +0 sling
 d - the +3 dagger of Cheibriados, Shouting (weapon) {flame, Fly}
   (You found it on level 2 of the Dungeon)

   Fly:       It grants you flight.
 e - a +0 battleaxe
 h - a -1 hand axe of flaming
 n - a +0 glaive
 v - a +0 whip of venom
 x - a +0 morningstar
Missiles
 j - 3 poisoned darts (quivered)
Armour
 p - a +1 robe
 u - the +1 toga "Victory" (worn) {*Victory Int+1 Slay+1 Clar}
   (You found it on level 5 of the Dungeon)

   *Victory:  When the wearer kills a threatening monster, it has a chance to
   gain +1 AC, +1 Slay, and +1 Int, capping at +7.
   When the wearer uses a scroll or a potion with a hostile monster in sight,
   its bonuses reset to +0.
   Unequipping it also resets its bonuses to +0.
   Int+1:     It affects your intelligence (+1).
   Slay+1:    It affects your accuracy & damage with ranged weapons and melee
   (+1).
   Clar:      It protects you from confusion, rage, mesmerisation and fear.
Magical Staves
 w - a staff of fire {rF+}
Jewellery
 l - a +6 ring of dexterity (left hand)
 o - a ring of willpower
 I - a ring of protection from cold
 S - a ring of see invisible
 W - a ring of wizardry (right hand) {Wiz+}
Wands
 c - a wand of roots (13)
 k - a wand of flame (16)
 m - a wand of polymorph (7)
Scrolls
 i - a scroll of fog {unknown}
 r - a scroll of silence {unknown}
 t - 2 scrolls of teleportation
Potions
 f - 2 potions of enlightenment
 g - a potion of brilliance {unknown}
 q - a potion of resistance {unknown}
 s - a potion of curing {unknown}


   Skills:
 + Level 7.4 Fighting
 + Level 3.4 Short Blades
 + Level 3.4 Long Blades
 + Level 7.4 Axes
 + Level 3.4 Maces & Flails
 + Level 3.4 Polearms
 + Level 3.4 Staves
 + Level 3.4 Ranged Weapons
 + Level 3.4 Throwing
 + Level 3.4 Armour
 + Level 3.4 Dodging
 + Level 3.4 Stealth
 + Level 3.4 Shields
 + Level 3.4 Unarmed Combat
 + Level 4.5 Spellcasting
 + Level 2.8 Conjurations
 + Level 2.8 Hexes
 + Level 2.8 Summonings
 + Level 2.8 Necromancy
 + Level 2.8 Translocations
 + Level 6.2 Fire Magic
 + Level 2.8 Ice Magic
 + Level 2.8 Air Magic
 + Level 2.8 Earth Magic
 + Level 2.8 Alchemy
 + Level 3.8 Invocations
 + Level 3.4 Evocations
 + Level 3.1 Shapeshifting


You had 5 spell levels left.
You knew the following spells:

 Your Spells              Type           Power      Damage    Failure   Level
a - Magic Dart            Conj           48%        1d5       1%          1
b - Call Imp              Summ           24%        N/A       3%          2
p - Blink                 Tloc           24%        N/A       3%          2
u - Dispel Undead         Necr           12%        3d9       21%         4
z - Scorch                Fire           46%        2d6       1%          2

Your spell library contained the following spells:

 Spells                   Type           Power      Damage    Failure   Level
 Kiss of Death            Conj/Necr      48%        2d9       1%          1
 Searing Ray              Conj           24%        2d5       3%          2
 Confusing Touch          Hex            12%        N/A       6%          3
 Fulminant Prism          Conj/Alch      6%         3d6       21%         4


Dungeon Overview and Level Annotations

Branches:
Dungeon (6/15)
 Temple: D:4-7

Altars:
Ashenzari
Elyvilon
Makhleb
Okawaru

Shops:
D:2 (


Innate Abilities, Weirdness & Mutations

You have very sharp teeth.
Your uncanny sense of smell can sniff out nearby items.
Your experience applies equally to all skills.


Message History

The scorpion poisons you!
You take 1 damage, and have 48/67 hp.
You now have 3/14 mp.
You feel very sick.
You take 3 damage, and have 45/67 hp.
You feel sick.
You take 1 damage, and have 44/67 hp.
Casting: Scorch (safe; 1% risk of failure)
Confirm with . or Enter, or press ? or * to list all spells.
Flames lash the sleepcap.
The sleepcap is moderately damaged.
The sleepcap's fire resistance burns away.
* * * LOW MAGIC WARNING * * *
You feel sick.
The ogre is no longer more vulnerable to fire.
The scorpion is no longer more vulnerable to fire.
The scorpion stings you.
You take 5 damage, and have 39/67 hp.
You now have 1/14 mp.
You feel sick.
You take 2 damage, and have 37/67 hp.
You feel sick. The scorpion attacks as it pursues you! The scorpion stings you.
* * * LOW HITPOINT WARNING * * *
You are more poisoned.
The scorpion poisons you!
The ice beast attacks as it pursues you!
The ice beast misses you. The ogre attacks as it pursues you!
The ogre hits you with a +0 giant club!!
* * * LOW HITPOINT WARNING * * *
The scorpion stings you.
* * * LOW HITPOINT WARNING * * *
You take 32 damage, and have 5/67 hp.
MASSIVE DAMAGE!!
Okay, then.
Okay, then.
Activating: Foxfire Swarm
Press: ? - help, Dir - look around, f - activate Flames leap up around you!
* * * LOW HITPOINT WARNING * * *
You feel very sick. The ice beast hits you.
You die...

..#..
#.##....#........#
.....
#.####..#...#..###
##..###.###..##..##.##
#.....#...........#.
###................
.#................#
..........vvvvv...#
.........fvOvvv..##
........##vs@##....
.........#vY## ...<
..........vv# ...∆
...####...#...# ∆
..........##...
..........# ##.
..f........# ..
............. ..
.............#


You could see an ice beast (ally target), an ogre (ally target), a sleepcap
(combustible) and a scorpion (ally target).

Levels and vault maps discovered:
D:1:      dpeg_arrival_another_circle, layout_loops_cross,
          minmay_indecisive_spiral
D:2:      layout_basic, serial_shops, shop
D:3:      layout_basic, lightli_temple_of_fire, elyvilon_altar_1,
          serial_corexii_hall, corexii_hall_statues_x,
          chequers_hall_statues_wall_a
D:4:      layout_cave_pools, nicolae_ashenzari_skybound
D:5:      minmay_diamond_boxcup, layout_cave_pods,
          nicolae_overflow_guarded_unrand_okawaru_victory, minmay_lizard_king,
          uniq_blork_the_orc
D:6:      layout_cave_pools, marbit_many_paths, zin_academy, minitemple,
          temple_green, minmay_puff

Notes
Turn   | Place    | Note
-------+----------+-------------------------------------------
     0 | D:1      | puppykicker the Gnoll Cinder Acolyte began the quest for
                  | the Orb.
     0 | D:1      | Reached XP level 1. HP: 23/23 MP: 4/4
    29 | D:1      | Identified a +0 short sword
    34 | D:1      | Identified a -1 hand axe of flaming
   107 | D:1      | Reached XP level 2. HP: 29/29 MP: 5/5
   110 | D:1      | Learned a level 2 spell: Scorch
   143 | D:1      | Identified a +0 plate armour
   203 | D:1      | Identified a +0 club
   211 | D:1      | Identified a +0 club
   299 | D:1      | Identified a ring of see invisible
   308 | D:1      | Identified a ring of wizardry
   311 | D:1      | Identified a +0 dagger
   313 | D:1      | Identified a +0 club
   317 | D:1      | Reached XP level 3. HP: 35/35 MP: 1/7
   418 | D:1      | Identified a +0 dagger
   604 | D:1      | Reached skill level 1 in Invocations
   694 | D:1      | Identified a +6 ring of dexterity
   708 | D:1      | Learned a level 2 spell: Blink
   710 | D:1      | Learned a level 1 spell: Magic Dart
  1092 | D:1      | Identified a +0 flail
  1108 | D:1      | Reached skill level 1 in Short Blades
  1108 | D:1      | Reached skill level 1 in Long Blades
  1108 | D:1      | Reached skill level 1 in Maces & Flails
  1108 | D:1      | Reached skill level 1 in Polearms
  1108 | D:1      | Reached skill level 1 in Staves
  1108 | D:1      | Reached skill level 1 in Ranged Weapons
  1108 | D:1      | Reached skill level 1 in Throwing
  1108 | D:1      | Reached skill level 1 in Armour
  1108 | D:1      | Reached skill level 1 in Dodging
  1108 | D:1      | Reached skill level 1 in Stealth
  1108 | D:1      | Reached skill level 1 in Shields
  1108 | D:1      | Reached skill level 1 in Unarmed Combat
  1108 | D:1      | Reached skill level 1 in Evocations
  1117 | D:2      | Identified a +0 battleaxe
  1161 | D:2      | Identified a +0 dagger
  1167 | D:2      | Identified a +0 scale mail
  1292 | D:2      | Identified a +0 dagger
  1380 | D:2      | Reached skill level 1 in Shapeshifting
  1380 | D:2      | Reached XP level 4. HP: 41/41 MP: 3/8
  1438 | D:2      | Identified a +0 sling
  1438 | D:2      | Identified a +0 club
  1451 | D:2      | Identified the +3 dagger of Cheibriados, Shouting {flame,
                  | Fly}
  1508 | D:2      | Identified a +0 hand axe
  1568 | D:2      | Found Wauttuodd's Weapon Shoppe.
  1585 | D:2      | Reached skill level 3 in Spellcasting
  1635 | D:2      | Identified a +0 robe
  1866 | D:3      | Reached skill level 1 in Conjurations
  1866 | D:3      | Reached skill level 1 in Hexes
  1866 | D:3      | Reached skill level 1 in Summonings
  1866 | D:3      | Reached skill level 1 in Necromancy
  1866 | D:3      | Reached skill level 1 in Translocations
  1866 | D:3      | Reached skill level 1 in Ice Magic
  1866 | D:3      | Reached skill level 1 in Air Magic
  1866 | D:3      | Reached skill level 1 in Earth Magic
  1866 | D:3      | Reached skill level 1 in Alchemy
  2005 | D:3      | Found a white marble altar of Elyvilon.
  2009 | D:3      | Identified a +0 dagger
  2055 | D:3      | Identified a +0 mace
  2459 | D:3      | Identified a +0 falchion
  2600 | D:3      | Identified a +0 mace
  2625 | D:3      | Identified a +0 dagger
  2744 | D:3      | Found a burning altar of Makhleb.
  3063 | D:3      | Identified 3 scrolls of identify
  3063 | D:3      | Identified a scroll of immolation
  3064 | D:3      | Identified a scroll of teleportation
  3220 | D:4      | Identified a +0 club
  3250 | D:4      | Noticed a phantom
  3256 | D:4      | Killed a phantom
  3257 | D:4      | Reached XP level 5. HP: 47/47 MP: 0/9
  3355 | D:4      | Found a broken altar of Ashenzari.
  3355 | D:4      | Identified a +0 flail
  3376 | D:4      | Reached skill level 2 in Invocations
  3377 | D:4      | Identified a +0 scimitar
  3382 | D:4      | Identified a +0 hand axe
  3384 | D:4      | Identified a +0 dagger
  3386 | D:4      | Identified a +0 club
  3387 | D:4      | Identified a +0 hand axe
  3563 | D:4      | Identified a +0 club
  3614 | D:4      | Identified a ring of protection from cold
  3635 | D:4      | Identified a +0 club
  3641 | D:4      | Reached XP level 6. HP: 53/53 MP: 8/11
  3649 | D:4      | Reached skill level 2 in Short Blades
  3649 | D:4      | Reached skill level 2 in Long Blades
  3649 | D:4      | Reached skill level 2 in Maces & Flails
  3649 | D:4      | Reached skill level 2 in Polearms
  3649 | D:4      | Reached skill level 2 in Staves
  3649 | D:4      | Reached skill level 2 in Ranged Weapons
  3649 | D:4      | Reached skill level 2 in Throwing
  3649 | D:4      | Reached skill level 2 in Armour
  3649 | D:4      | Reached skill level 2 in Dodging
  3649 | D:4      | Reached skill level 2 in Stealth
  3649 | D:4      | Reached skill level 2 in Shields
  3649 | D:4      | Reached skill level 2 in Unarmed Combat
  3649 | D:4      | Reached skill level 2 in Evocations
  3737 | D:4      | Learned a level 4 spell: Dispel Undead
  3740 | D:4      | Learned a level 2 spell: Call Imp
  3767 | D:4      | Identified a -4 spear
  3783 | D:4      | Identified a +0 whip of venom
  4001 | D:5      | Entered Level 5 of the Dungeon
  4116 | D:5      | Identified a +0 whip
  4119 | D:5      | Identified a +0 club
  4119 | D:5      | Identified a +0 chain mail
  4119 | D:5      | Identified a +0 whip
  4119 | D:5      | Identified a +0 leather armour
  4119 | D:5      | Identified a +0 flail
  4119 | D:5      | Identified a +0 club
  4126 | D:5      | Identified a +0 club
  4127 | D:5      | Identified a +0 club
  4127 | D:5      | Identified a +0 leather armour
  4129 | D:5      | Noticed a black bear
  4132 | D:5      | Identified a +0 whip
  4132 | D:5      | Identified a +0 leather armour
  4134 | D:5      | Reached skill level 2 in Shapeshifting
  4144 | D:5      | Identified a +2 flail of holy wrath
  4152 | D:5      | Killed a black bear
  4153 | D:5      | Reached skill level 7 in Fighting
  4153 | D:5      | Reached skill level 7 in Axes
  4153 | D:5      | Reached XP level 7. HP: 43/60 MP: 1/12
  4161 | D:5      | Reached skill level 2 in Conjurations
  4161 | D:5      | Reached skill level 2 in Hexes
  4161 | D:5      | Reached skill level 2 in Summonings
  4161 | D:5      | Reached skill level 2 in Necromancy
  4161 | D:5      | Reached skill level 2 in Translocations
  4161 | D:5      | Reached skill level 2 in Ice Magic
  4161 | D:5      | Reached skill level 2 in Air Magic
  4161 | D:5      | Reached skill level 2 in Earth Magic
  4161 | D:5      | Reached skill level 2 in Alchemy
  4372 | D:5      | Identified a ring of willpower
  4434 | D:5      | Identified a +0 glaive
  4434 | D:5      | Identified a +1 robe
  4434 | D:5      | Noticed Blork the orc
  4442 | D:5      | Killed Blork the orc
  4443 | D:5      | Reached skill level 3 in Invocations
  4618 | D:5      | Reached skill level 4 in Spellcasting
  4778 | D:5      | Identified a scroll of noise
  4779 | D:5      | Identified a potion of enlightenment
  4982 | D:5      | Found an iron altar of Okawaru.
  5041 | D:5      | Reached skill level 6 in Fire Magic
  5041 | D:5      | Identified a +0 falchion
  5041 | D:5      | Identified a +0 scale mail
  5046 | D:5      | Identified a +0 giant club
  5056 | D:5      | Reached skill level 3 in Short Blades
  5056 | D:5      | Reached skill level 3 in Long Blades
  5056 | D:5      | Reached skill level 3 in Maces & Flails
  5056 | D:5      | Reached skill level 3 in Polearms
  5056 | D:5      | Reached skill level 3 in Staves
  5056 | D:5      | Reached skill level 3 in Ranged Weapons
  5056 | D:5      | Reached skill level 3 in Throwing
  5056 | D:5      | Reached skill level 3 in Armour
  5056 | D:5      | Reached skill level 3 in Dodging
  5056 | D:5      | Reached skill level 3 in Stealth
  5056 | D:5      | Reached skill level 3 in Shields
  5056 | D:5      | Reached skill level 3 in Unarmed Combat
  5056 | D:5      | Reached skill level 3 in Evocations
  5056 | D:5      | Reached XP level 8. HP: 48/67 MP: 1/14
  5093 | D:5      | Reached skill level 3 in Shapeshifting
  5243 | D:5      | Found a runed translucent door.
  5246 | D:5      | Identified a +0 halberd
  5246 | D:5      | Identified a +0 morningstar
  5247 | D:5      | Identified a +0 whip
  5247 | D:5      | Identified a +0 club
  5247 | D:5      | Identified a +0 robe
  5247 | D:5      | Found the +0 toga "Victory" {*Victory Clar}
  5248 | D:5      | Identified a +0 flail
  5248 | D:5      | Identified a +0 whip
  5248 | D:5      | Identified a +0 club
  5691 | D:6      | Identified a +0 giant club
  5707 | D:6      | HP: 6/67 [ogre/+0 giant club (25)]
  5708 | D:6      | HP: 1/67 [poisoned by a scorpion]
  5708 | D:6      | Slain by an ice beast

Table legend: (Time is in decaauts)
 A = Elapsed time spent in this place.
 B = Non-inter-level travel time spent in this place.
 C = Inter-level travel time spent in this place.
 D = Time resting spent in this place.
 E = Time spent auto-exploring this place.
 F = Levels seen in this place.
 G = Mean time per level.
                   A        B        C        D        E       F      G
               +--------+--------+--------+--------+--------+-----+--------+
         Total |   5694 |   5599 |     95 |   1481 |   3278 |   6 |  949.0 |
       Dungeon |   5694 |   5599 |     95 |   1481 |   3278 |   6 |  949.0 |
               +--------+--------+--------+--------+--------+-----+--------+

Top non-repeatable levels by time:
     D:5: 1634 daAuts
     D:3: 1253 daAuts
     D:1: 1109 daAuts
     D:4: 895 daAuts
     D:2: 738 daAuts
     D:6: 61 daAuts

Table legend:
 A = Kills in this place as a percentage of kills in the entire game.
 B = Kills by you in this place as a percentage of kills by you in the entire game.
 C = Kills by friends in this place as a percentage of kills by friends in the entire game.
 D = Other kills in this place as a percentage of other kills in the entire game.
 E = Experience gained in this place as a percentage of experience gained in the entire game.
 F = Experience gained in this place divided by the number of levels of this place that you have seen.
                   A       B       C       D       E      F
               +-------+-------+-------+-------+-------+----------------------
         Total | 100.0 | 100.0 |   N/A |   N/A | 100.0 | 289.3
       Dungeon | 100.0 | 100.0 |   N/A |   N/A | 100.0 | 289.3
               +-------+-------+-------+-------+-------+----------------------

Skill      XL: |  1  2  3  4  5  6  7  8 |
---------------+-------------------------+-----
Invocations    | 1 2 3 |  3.8
Short Blades   | 1 2 3 |  3.4
Long Blades    | 1 2 3 |  3.4
Maces & Flails | 1 2 3 |  3.4
Polearms       | 1 2 3 |  3.4
Staves         | 1 2 3 |  3.4
Ranged Weapons | 1 2 3 |  3.4
Throwing       | 1 2 3 |  3.4
Armour         | 1 2 3 |  3.4
Dodging        | 1 2 3 |  3.4
Stealth        | 1 2 3 |  3.4
Shields        | 1 2 3 |  3.4
Unarmed Combat | 1 2 3 |  3.4
Evocations     | 1 2 3 |  3.4
Shapeshifting  | 1 2 3 |  3.1
Spellcasting   | 3 4 |  4.5
Conjurations   | 1 2 |  2.8
Hexes          | 1 2 |  2.8
Summonings     | 1 2 |  2.8
Necromancy     | 1 2 |  2.8
Translocations | 1 2 |  2.8
Ice Magic      | 1 2 |  2.8
Air Magic      | 1 2 |  2.8
Earth Magic    | 1 2 |  2.8
Alchemy        | 1 2 |  2.8
Fighting       | 7 |  7.4
Axes           | 7 |  7.4
Fire Magic     | 6 |  6.2

Action                     |  1- 3 |  4- 6 |  7- 9 || total
---------------------------+-------+-------+-------++-------
  Melee: Hand axe          |    37 |       |       ||    37
         Bite              |     1 |     6 |    10 ||    17
         Dagger            |       |    37 |    55 ||    92
         Whip              |       |     7 |       ||     7
         Staff             |       |       |     4 ||     4
         Punch             |       |       |     1 ||     1
   Fire: Sling             |       |    22 |       ||    22
   Cast: Scorch            |    30 |    43 |    46 ||   119
         Magic Dart        |     3 |    18 |     8 ||    29
         Call Imp          |       |     1 |       ||     1
 Invoke: Fiery Armour      |       |     1 |     1 ||     2
         Foxfire Swarm     |       |     1 |     1 ||     2
  Evoke: Wand              |       |       |     1 ||     1
    Use: Scroll            |       |     2 |     3 ||     5
 Armour: Robe              |    24 |    39 |    66 ||   129
  Dodge: Dodged            |    24 |    46 |    66 ||   136

Vanquished Creatures
  2 black bears (D:5)
  An ogre (D:5)
  A phantom (D:4)
  Blork the orc (D:5)
  3 scorpions
  2 hounds
  A jelly (D:5)
  2 gnoll boudas (D:5)
  An orc priest (D:5)
  7 iguanas
  9 gnolls
  6 adders
  A white imp (D:5)
  2 ufetubi (D:5)
  4 dart slugs
  A ribbon worm (D:2)
  12 orcs
  2 bats (D:2)
  12 endoplasms
  4 giant cockroaches
  8 goblins
  6 hobgoblins
  3 jackals (D:4)
  4 kobolds
  5 quokkas
  7 ball pythons
  14 frilled lizards
  3 rats
124 creatures vanquished.

Vanquished Creatures (others)
  18 foxfires (D:5)
18 creatures vanquished.

Grand Total: 142 creatures vanquished
